 Dungeon Crawl Stone Soup version 0.30-a0-626-gd6a5dd7a1f (webtiles) character file.

Game seed: 18029102728662418909

714 Armakuni the Twirler (level 8, 0/58 HPs)
             Began as a Human Wanderer on Jan 11, 2023.
             Slain by a gnoll sergeant
             ... wielding a +3 trident of flaming
              (9 damage)
             ... on level 5 of the Dungeon.
             The game lasted 00:11:34 (4972 turns).

Armakuni the Twirler (Human Wanderer)               Turns: 4972, Time: 00:11:34

Health: 0/58       AC:  8    Str: 13    XL:     8   Next: 1%
Magic:  20/20      EV: 10    Int: 15    God:
Gold:   224        SH:  0    Dex: 12    Spells: 10/11 levels left

rFire   . . .      SeeInvis .    a - +0 quarterstaff
rCold   . . .      Faith    .    (shield currently unavailable)
rNeg    . . .      Spirit   .    i - +0 ring mail
rPois   .          Reflect  .    h - +0 helmet
rElec   .          Harm     .    (no cloak)
rCorr   .          Rampage  .    f - +1 pair of gloves
Will    .....                    (no boots) Stlth
                                 (no amulet)
HPRegen 0.29/turn                P - ring of magical power
MPRegen 0.17/turn                (no ring)

@: confused
A: no striking features
a: no special abilities


You were on level 5 of the Dungeon.
You visited 2 branches of the dungeon, and saw 6 of its levels.

You collected 224 gold pieces.

Inventory:

Hand Weapons
 a - a +0 quarterstaff (weapon)
 b - a +0 spear of venom
Armour
 f - a +1 pair of gloves (worn)
 h - a +0 helmet (worn)
 i - a +0 ring mail (worn)
 n - a +2 buckler of cold resistance
Magical Staves
 l - a staff of poison
 p - a staff of air
Jewellery
 P - a ring of magical power (left hand)
Wands
 c - a wand of charming (7)
 o - a wand of digging (3)
 s - a wand of flame (7)
Scrolls
 d - a scroll of fear
 g - 2 scrolls of fog
 m - a scroll of enchant armour
Potions
 e - a potion of berserk rage {unknown}
 j - a potion of heal wounds {unknown}
 k - 2 potions of brilliance {unknown}
 q - a potion of mutation {unknown}
 r - a potion of resistance {unknown}


   Skills:
 + Level 3.4 Fighting
 - Level 2.0(4.1) Polearms
 - Level 5.8(6.0) Staves
 - Level 2.0 Armour
 - Level 2.0 Dodging
 - Level 1.0 Stealth
 - Level 2.0 Spellcasting
 - Level 3.0 Necromancy
 + Level 3.0 Evocations


You had 10 spell levels left.
You knew the following spells:

 Your Spells              Type           Power      Damage    Failure   Level
k - Kiss of Death         Conj/Necr      24%        2d7       26%         1

Your spell library contained the following spells:

 Spells                   Type           Power      Damage    Failure   Level
 Vampiric Draining        Necr           10%        2d6       38%         3
 Summon Small Mammal      Summ           4%         N/A       43%         1
 Call Canine Familiar     Summ           1%         N/A       80%         3
 Inner Flame              Hex/Fire       1%         N/A       80%         3
 Ozocubu's Armour         Ice            1%         N/A       80%         3
 Summon Guardian Golem    Hex/Summ       1%         N/A       80%         3
 Dispel Undead            Necr           10%        3d9       80%         4
 Cause Fear               Hex            0%         N/A       99%         4
 Metabolic Englaciation   Hex/Ice        0%         N/A       100%        5
 Simulacrum               Ice/Necr       3%         N/A       100%        6
 Discord                  Hex            0%         N/A       100%        8


Dungeon Overview and Level Annotations

Branches:
Dungeon (5/15)             Temple (1/1) D:4

Altars:
Ashenzari
Cheibriados
Dithmenos
Elyvilon
Kikubaaqudgha
Okawaru
Qazlal
Ru
Vehumet
Wu Jian
Yredelemnul
Zin
Ignis


Message History

Something hits you but does no damage.
You closely miss something.
The gnoll shouts!
Something hits you.
You closely miss something. Something hits you but does no damage.
The gnoll sergeant shouts!
You sock something!
You hear some strange, mumbled words.
A magic dart appears from out of thin air!
The magic dart hits you but does no damage.
You barely miss something.
You hear some strange, mumbled words.
A puff of flame appears from out of thin air!
The puff of flame hits you!
You closely miss something. Something hits you.
You completely miss something. Something hits you but does no damage.
You hit something. Something hits you but does no damage.
Something hits you but does no damage. The gnoll attacks as you move away!
The gnoll hits you but does no damage.
The gnoll sergeant hits you from afar with a +3 trident of flaming.
The gnoll sergeant burns you.
The gnoll sergeant hits you from afar with a +3 trident of flaming!
The gnoll sergeant burns you.
You hear some strange, mumbled words.
You are confused.
You're too confused to move!
You hear some strange, mumbled words.
A puff of flame appears from out of thin air!
The puff of flame hits you.
You're too confused to move!
The gnoll sergeant hits you but does no damage.
The gnoll sergeant hits you from afar with a +3 trident of flaming!
* * * LOW HITPOINT WARNING * * *
The gnoll sergeant burns you.
* * * LOW HITPOINT WARNING * * *
The gnoll hits you with a +0 flail.
* * * LOW HITPOINT WARNING * * *
You're too confused to move!
The gnoll sergeant hits you from afar with a +3 trident of flaming!
You die...

#...##........o##
#..###.........#
###..# #)........##
#....# #)##..#..)..
##.##.###)##..###...
#..##.##..รทรท........
#.........##..#####.
#.........#....##...
#..@......#.........
#.g..........o..###.
#..g.........#..####
#...........###....#
#.......>.....####..
#........###........
#.........###{#####.
##..................
#..............<.5##


You could see a gnoll sergeant and a gnoll.

Vanquished Creatures
  A water moccasin (D:5)
  An ogre (D:4)
  A phantom (D:4)
  2 hounds (D:5)
  An orc priest (D:2)
  2 orc wizards
  2 iguanas
  A gnoll (D:5)
  10 adders
  2 worms (D:3)
  A dart slug (D:3)
  10 orcs
  7 endoplasms
  3 giant cockroaches
  8 goblins
  4 hobgoblins
  7 jackals
  8 ball pythons
  8 bats
  3 frilled lizards
  9 kobolds
  6 rats
97 creatures vanquished.

Vanquished Creatures (collateral kills)
  A hound (D:5)
  An iguana (D:5)
  An orc wizard (D:5)
  2 gnolls (D:5)
  4 orcs (D:5)
9 creatures vanquished.

Vanquished Creatures (others)
  A necrophage (D:5)
  An iguana (D:5)
2 creatures vanquished.

Grand Total: 108 creatures vanquished

Notes
Turn   | Place    | Note
-------+----------+-------------------------------------------
     0 | D:1      | Armakuni the Human Wanderer began the quest for the Orb.
     0 | D:1      | Armakuni set off with the following items: a +0 spear, a
                  | wand of flame (3), a scroll of fear, a +0 robe; and the
                  | following spell memorised: Kiss of Death; and the following
                  | spells available to memorise: Vampiric Draining, Dispel
                  | Undead.
     0 | D:1      | Reached XP level 1. HP: 15/15 MP: 3/3
   181 | D:1      | Reached XP level 2. HP: 22/22 MP: 5/5
   415 | D:1      | Reached XP level 3. HP: 26/27 MP: 6/6
   433 | D:1      | Reached skill level 1 in Staves
   993 | D:2      | Reached skill level 2 in Staves
   993 | D:2      | Reached XP level 4. HP: 12/31 MP: 5/7
  1938 | D:2      | Reached skill level 3 in Staves
  2344 | D:2      | HP: 1/32 [something/magic dart (12)]
  2371 | D:2      | Reached XP level 5. HP: 20/38 MP: 8/8
  2457 | D:2      | Reached skill level 4 in Staves
  2987 | D:3      | Reached XP level 6. HP: 44/44 MP: 9/9
  3313 | D:3      | Reached skill level 5 in Staves
  3488 | D:4      | Noticed an ogre
  3537 | D:4      | Killed an ogre
  3787 | D:4      | Reached skill level 1 in Armour
  3787 | D:4      | Reached skill level 1 in Dodging
  3787 | D:4      | Reached XP level 7. HP: 34/50 MP: 10/10
  4000 | D:4      | Found a staircase to the Ecumenical Temple.
  4058 | Temple   | Entered the Ecumenical Temple
  4108 | Temple   | Upgraded the game from 0.30-a0-622-gddc90eaa04 to
                  | 0.30-a0-626-gd6a5dd7a1f
  4329 | D:5      | Entered Level 5 of the Dungeon
  4379 | D:5      | Noticed a water moccasin
  4406 | D:5      | Killed a water moccasin
  4884 | D:5      | Reached XP level 8. HP: 55/58 MP: 11/11
  4972 | D:5      | Slain by a gnoll sergeant

Illustrated notes

Levels and vault maps discovered:
D:1:      minmay_arrival_split_and_join, layout_basic, minmay_tromino_i2
D:2:      layout_basic, palyth_stone_intersect
D:3:      layout_basic
D:4:      layout_loops_ring, minmay_temple_entry_enclosed_plants
D:5:      layout_rooms, xom_butterflies
Temple:   ebering_untended_altars

Skill      XL: |  1  2  3  4  5  6  7 |
---------------+----------------------+-----
Fighting       | 2 3 |  3.4
Staves         | 2 3 4 5 |  5.8
Armour         | 1 2 |  2.0
Dodging        | 1 2 |  2.0
Evocations     | 3 |  3.0
Polearms       | |  2.0
Stealth        | |  1.0
Spellcasting   | |  2.0
Necromancy     | |  3.0

Action                   |  1- 3 |  4- 6 |  7- 9 || total
-------------------------+-------+-------+-------++-------
Melee: Spear             |    31 |   142 |       ||   173
       Trident           |    59 |     3 |       ||    62
       Quarterstaff      |       |    20 |    90 ||   110
 Cast: Kiss of Death     |     1 |     1 |     1 ||     3
Evoke: Wand              |       |     4 |    10 ||    14
  Use: Scroll            |     4 |     3 |     3 ||    10
       Potion            |       |     3 |       ||     3
 Stab: Sleeping          |     2 |     2 |       ||     4
       Confused          |       |       |     1 ||     1
Armor: Leather armour    |    20 |       |       ||    20
       Ring mail         |       |    54 |    62 ||   116
Dodge: Dodged            |    49 |    55 |    53 ||   157

Table legend: (Time is in decaauts)
 A = Elapsed time spent in this place.
 B = Non-inter-level travel time spent in this place.
 C = Inter-level travel time spent in this place.
 D = Time resting spent in this place.
 E = Time spent auto-exploring this place.
 F = Levels seen in this place.
 G = Mean time per level.
                   A        B        C        D        E       F      G
               +--------+--------+--------+--------+--------+-----+--------+
         Total |   4977 |   4778 |    199 |    721 |   2824 |   6 |  829.5 |
       Dungeon |   4923 |   4724 |    199 |    721 |   2797 |   5 |  984.6 |
        Temple |     53 |     53 |      0 |      0 |     27 |   1 |   53.0 |
               +--------+--------+--------+--------+--------+-----+--------+

Top non-repeatable levels by time:
     D:2: 1734 daAuts
     D:4: 1123 daAuts
     D:3: 909 daAuts
     D:1: 796 daAuts
     D:5: 359 daAuts
  Temple: 53 daAuts
